 Dungeon Crawl Stone Soup version 0.29.1-15-g9cfb28693d (webtiles) character file.

Game seed: 6776018606822361324

225 devnull the Spear-Bearer (level 6, 0/44 HPs)
             Began as a Merfolk Gladiator on Mar 7, 2023.
             Slain by a hornet (12 damage)
             ... on level 4 of the Dungeon.
             The game lasted 00:06:41 (4096 turns).

devnull the Spear-Bearer (Merfolk Gladiator)        Turns: 4096, Time: 00:06:41

Health: 0/44       AC: 11    Str: 16    XL:     6   Next: 1%
Magic:  6/6        EV: 11    Int:  7    God:
Gold:   166        SH:  0    Dex: 16    Spells: 5/5 levels left

rFire   . . .      SeeInvis .   a - +0 trident
rCold   . . .      Faith    .   (no shield)
rNeg    + . .      Spirit   .   s - +2 scale mail {rN+}
rPois   .          Reflect  .   c - +0 helmet
rElec   .          Harm     .   (no cloak)
rCorr   .          Rampage  .   r - +1 pair of gloves
Will    .....                   (no boots)
Stlth   ..........              (no amulet)
HPRegen 0.14/turn               (no ring)
MPRegen 0.10/turn               (no ring)

@: hasted and slowed
A: (nimble swimmer 2), mertail
a: no special abilities


You were on level 4 of the Dungeon.
You visited 1 branch of the dungeon, and saw 4 of its levels.

You collected 166 gold pieces.

Inventory:

Hand Weapons
 a - a +0 trident (weapon)
Missiles
 e - a javelin
 l - 6 poisoned darts (quivered)
Armour
 b - a +0 leather armour
 c - a +0 helmet (worn)
 r - a +1 pair of gloves (worn)
 s - a +2 scale mail of positive energy (worn)
Jewellery
 g - an amulet of guardian spirit
Scrolls
 h - 2 scrolls of identify {unknown}
 i - a scroll of poison {unknown}
 k - a scroll of enchant armour {unknown}
 m - a scroll of blinking {unknown}
 n - a scroll of brand weapon {unknown}
 q - a scroll of fear {unknown}
Potions
 j - a potion of heal wounds
 o - a potion of invisibility {unknown}
 t - a potion of flight {unknown}
 u - a potion of haste


   Skills:
 - Level 2.1 Fighting
 + Level 8.6 Polearms
 - Level 2.0 Throwing
 - Level 4.0 Dodging


You had 5 spell levels left.
You didn't know any spells.
Your spell library was empty.

Dungeon Overview and Level Annotations

Branches:
Dungeon (4/15)
 Temple: D:4-7

Altars:
Ashenzari
Vehumet


Innate Abilities, Weirdness & Mutations

((You are very nimble when in or above water. (Stealth+, EV+, Speed+++)))
Your lower body shifts to a powerful aquatic tail in water.


Message History

The hornet barely misses you. x2
You throw a poisoned dart.
The poisoned dart closely misses the hornet.
The hornet stings you but does no damage.
The hornet stings you.
You are poisoned.
You suddenly lose the ability to move!
You feel very sick.
The hornet stings you but does no damage.
You feel very sick.
The hornet stings you but does no damage. x2
You feel sick. The hornet stings you!
* * * LOW HITPOINT WARNING * * *
You feel as though you will be slow longer.
You can move again.
Unknown command.
Unknown command.
Unknown command.
Unknown command.
Okay, then.
You are too injured to fight recklessly!
Sorry, you're not good enough to have a special ability.
Unknown command.
As you read the scroll labelled KUFEAWAWEDU, it crumbles to dust.
You hear a loud clanging noise!
It was a scroll of noise.
You feel sick.
You hear a bark!
You hear a shout! x2; You hear an angry hiss.
You hear a shout!
You hear an angry hiss.
The hornet stings you.
* * * LOW HITPOINT WARNING * * *
You are lethally poisoned!
You feel as though you will be slow longer.
A hound comes into view.
The hornet stings you.
* * * LOW HITPOINT WARNING * * *
You feel as though you will be slow longer.
Unknown command.
Unknown command.
You feel better. The hornet stings you!
You die...

h...... .≈.8§§..##
#.....§...≈§.... .
#....§≈≈.§≈.....
..##.....≈≈§≈§§... #
..##....§§≈.§≈..# $#
.........§§_≈≈..###..###
.........≈≈≈≈≈..@.......
..........≈≈≈....y......
..##.(............(.....
..##..<....##....##(##+#
..'........#####+# .#
..##.............. .
####.............< .
#............... ..
#........##.....


You could see a hornet.

Vanquished Creatures
  A hound (D:4)
  An orc priest (D:3)
  Terence (D:2)
  5 gnolls
  3 adders
  3 worms
  A dart slug (D:2)
  2 orcs (D:3)
  3 ball pythons
  3 bats
  4 endoplasms
  2 giant cockroaches (D:1)
  2 goblins (D:1)
  7 hobgoblins
  4 jackals (D:3)
  5 kobolds
  2 quokkas
  2 frilled lizards
  3 rats
54 creatures vanquished.

Notes
Turn   | Place    | Note
-------+----------+-------------------------------------------
     0 | D:1      | devnull the Merfolk Gladiator began the quest for the Orb.
     0 | D:1      | Reached XP level 1. HP: 16/16 MP: 1/1
    55 | D:1      | Reached skill level 5 in Polearms
    55 | D:1      | Reached XP level 2. HP: 10/22 MP: 2/2
   477 | D:1      | Reached XP level 3. HP: 27/27 MP: 3/3
  1042 | D:1      | Found a faded altar of an unknown god.
  1296 | D:2      | Reached skill level 6 in Polearms
  1318 | D:2      | Reached XP level 4. HP: 11/33 MP: 4/4
  1804 | D:2      | Noticed Terence
  1819 | D:2      | Killed Terence
  1820 | D:2      | Reached skill level 7 in Polearms
  2082 | D:2      | Reached XP level 5. HP: 36/38 MP: 5/5
  2727 | D:3      | Found a radiant altar of Vehumet.
  3565 | D:3      | Found a radiant altar of Vehumet.
  3793 | D:3      | Reached skill level 8 in Polearms
  3961 | D:4      | Found a broken altar of Ashenzari.
  3980 | D:4      | Reached XP level 6. HP: 34/44 MP: 6/6
  4075 | D:4      | Noticed a hornet
  4091 | D:4      | Paralysed by a hornet for 3 turns
  4096 | D:4      | Slain by a hornet

Illustrated notes

Levels and vault maps discovered:
D:1:      evilmike_arrival_plus, layout_loops_corners,
          dilly_ecumenical_altar_fadedgnrine, minmay_3d_cube
D:2:      layout_loops_corners, uniq_terence
D:3:      kennysheep_big_flooded_room, layout_loops_ring,
          nicolae_vehumet_radiance, hangedman_feature_mirror
D:4:      layout_gridville, mainiacjoe_overflow_catwalk

Skill      XL: |  1  2  3  4  5 |
---------------+----------------+-----
Polearms       | 5 6 7 8 |  8.6
Fighting       | |  2.1
Throwing       | |  2.0
Dodging        | |  4.0

Action                   |  1- 3 |  4- 6 || total
-------------------------+-------+-------++-------
Melee: Trident           |    78 |   137 ||   215
       Punch             |     1 |       ||     1
Throw: Throwing net      |     2 |     2 ||     4
       Dart              |       |     9 ||     9
  Use: Potion            |       |     4 ||     4
       Scroll            |       |     1 ||     1
 Stab: Sleeping          |       |     2 ||     2
Armor: Leather armour    |    14 |     3 ||    17
       Scale mail        |       |    45 ||    45
Dodge: Dodged            |    40 |    63 ||   103
